 Dungeon Crawl Stone Soup version 0.32-a0-355-ged53ad6fd3 (webtiles) character file.

Game seed: 10279161609117626510

2528 Bnni the Spear-Bearer (level 9, -15/73 (75) HPs)
             Began as a Formicid Fighter on Feb 18, 2024.
             Was a Follower of Yredelemnul.
             Demolished by a large slime creature (21 damage)
             ... on level 6 of the Dungeon on Feb 19, 2024.
             The game lasted 00:10:12 (5415 turns).

Bnni the Spear-Bearer (Formicid Fighter)            Turns: 5415, Time: 00:10:13

HP:   -15/73 (75)   AC: 13    Str: 25    XL:     9   Next: 84%
MP:   9/9           EV:  6    Int:  8    God:    Yredelemnul [*.....]
Gold: 347           SH:  5    Dex: 13    Spells: 8/8 levels left

rFire   . . .        a - +0 trident
rCold   . . .        c - +0 buckler
rNeg    . . .        g - +0 plate armour
rPois   .            (helmet unavailable)
rElec   .            q - +0 cloak
rCorr   .            (no gloves)
SInv    +            e - +0 pair of boots
Will    .....        (no amulet) Stlth
                     (no ring)
HPRegen 0.32/turn    (no ring)
MPRegen 0.11/turn

%: no passive effects
@: mighty, wreathed by umbra, lightly drained
A: permanent stasis, dig shafts and tunnels, antennae 3, four strong arms
a: Dig, Shaft Self, Renounce Religion, Light the Black Torch, Recall Undead
Harvest


You were on level 6 of the Dungeon.
You worshipped Yredelemnul.
Yredelemnul was noncommittal.
You visited 1 branch of the dungeon, and saw 6 of its levels.
You also visited: Ossuary.

You collected 347 gold pieces.

Inventory:

Hand Weapons
 a - a +0 trident (weapon)
Missiles
 h - 4 silver javelins
Armour
 c - a +0 buckler (worn)
 e - a +0 pair of boots (worn)
 g - a +0 plate armour (worn)
 q - a +0 cloak (worn)
Jewellery
 j - a ring of fire
Wands
 t - a wand of polymorph (6)
Scrolls
 n - 3 scrolls of revelation {unknown}
 o - a scroll of butterflies
 u - a scroll of vulnerability {unknown}
 v - 3 scrolls of enchant armour {unknown}
 w - 4 scrolls of poison
 z - a scroll of fear
Potions
 b - a potion of cancellation {unknown}
 d - a potion of might
 f - 2 potions of invisibility
 i - a potion of magic {unknown}
 k - a potion of enlightenment {unknown}
 m - 2 potions of heal wounds
 p - 4 potions of curing
 r - a potion of haste {unknown}
 s - 2 potions of ambrosia {unknown}
 A - a potion of attraction {unknown}


   Skills:
 + Level 8.7 Fighting
 * Level 10.5 Polearms
 - Level 3.2 Armour
 - Level 4.0 Shields


You had 8 spell levels left.
You didn't know any spells.
Your spell library contained the following spells:

 Spells                   Type           Power      Damage    Failure   Level
 Slow                     Hex            0%         N/A       100%        1
 Call Imp                 Summ           0%         N/A       100%        2
 Sublimation of Blood     Necr           0%         N/A       100%        2
 Confusing Touch          Hex            0%         N/A       100%        3
 Sigil of Binding         Hex            0%         N/A       100%        3
 Vampiric Draining        Necr           0%         2d6       100%        3
 Summon Blazeheart Golem  Fire/Summ      0%         N/A       100%        4
 Orb of Destruction       Conj           0%         9d5       100%        7
 Spellforged Servitor     Conj/Summ      0%         N/A       100%        7
 Summon Hydra             Summ           0%         N/A       100%        7


Dungeon Overview and Level Annotations

Branches:
Dungeon (6/15)             Temple (0/1) D:6         Ossuary (visited)

Altars:
Dithmenos
Hepliaklqana
Okawaru
Ru
Xom
Yredelemnul
Zin


Innate Abilities, Weirdness & Mutations

You cannot be hasted, slowed, berserked, paralysed or teleported.
You can dig through walls and to a lower floor.
You have a pair of large antennae on your head. (SInv)
Your four strong arms can wield two-handed weapons with a shield.


Message History

Unknown command.
Reach: a) +0 trident
Press: ? - help, Dir - move target, f/p - large slime creature
Aim: a large slime creature (heavily wounded, umbra, about 15% to evade your +0 trident)
You hit the large slime creature.
The large slime creature is severely wounded.
The large slime creature hits you but does no damage.
Reach: a) +0 trident
Press: ? - help, Dir - move target, f/p - large slime creature
Aim: a large slime creature (severely wounded, umbra, about 15% to evade your +0 trident)
You puncture the large slime creature!
The large slime creature is severely wounded.
The endoplasm jiggles.
Unknown command.
Reach: a) +0 trident
Press: ? - help, Dir - move target, f/p - large slime creature
Aim: a large slime creature (severely wounded, umbra, about 15% to evade your +0 trident)
You hit the large slime creature.
The large slime creature is severely wounded.
You block the large slime creature's attack.
Something hits your jelly zombie.
Reach: a) +0 trident
Press: ? - help, Dir - move target, f/p - large slime creature
Aim: a large slime creature (severely wounded, ally target, umbra, about 15% to evade your +0 trident)
You hit the large slime creature.
The large slime creature is severely wounded.
The large slime creature hits you!!
* * * LOW HITPOINT WARNING * * *
Unknown command.
Reach: a) +0 trident
Press: ? - help, Dir - move target, f/p - large slime creature
Aim: a large slime creature (severely wounded, ally target, umbra, about 15% to evade your +0 trident)
You barely miss the large slime creature.
The large slime creature is severely wounded.
Your jelly zombie barely misses the large slime creature.
Something hits your jelly zombie.
Your jelly zombie is destroyed!
The large slime creature hits you!!
You die...
Your body rises from the dead as a mindless zombie.

.
#.#......###...))###...###.###
###......##.......##...###....
#....####.......##...##..#..
#.... #.......####.....#..
#.... #.....).# ##....##..
#.)..#### #......#..
#...ZZ..###.........
########.##.....#...
#JJ@.)..###..#..#... #'#######
####.....? #..{J._...
#.##...... #Z.._.P..÷
#........# #..._._...
#........# #.P...÷...
#......... #.P.P._.P÷
#........> #÷..÷....÷
#......... ##########
#.........


You could see a large slime creature and an endoplasm.

Vanquished Creatures
  Pikel (D:6)
  Menkaure (D:4)
  2 black bears
  A hornet zombie (D:5)
  An ogre (D:5)
  4 lemures (D:6)
  2 elf zombies (Ossuary)
  A weeping skull (Ossuary)
  2 scorpions
  A water moccasin zombie (D:5)
  2 burial acolytes (Ossuary)
  A centaur zombie (Ossuary)
  2 hounds
  3 orc priests
  7 jellies
  3 iguanas
  4 orc wizards
  A sleepcap (D:4)
  A scorpion zombie (D:5)
  2 killer bee zombies (D:5)
  4 hound zombies (Ossuary)
  2 mummies (Ossuary)
  A howler monkey zombie (D:5)
  4 adders
  A ribbon worm zombie (D:4)
  An ufetubus (D:5)
  3 dart slugs
  27 orcs
  14 endoplasms
  2 giant cockroaches
  11 goblins
  4 hobgoblins
  3 jackals (D:5)
  2 quokkas
  6 ball pythons
  5 bats
  4 frilled lizards
  7 gnoll zombies (Ossuary)
  16 kobolds
  4 orc zombies (Ossuary)
  9 rats
172 creatures vanquished.

Vanquished Creatures (collateral kills)
  A hound (D:6)
  An orc priest (D:5)
  An ufetubus (D:5)
  An orc (D:6)
  A kobold (D:6)
5 creatures vanquished.

Vanquished Creatures (others)
  3 jelly zombies (D:6)
  2 orc zombies (D:6)
  3 kobold zombies (D:6)
8 creatures vanquished.

Grand Total: 185 creatures vanquished

Notes
Turn   | Place    | Note
-------+----------+-------------------------------------------
     0 | D:1      | Bnni the Formicid Fighter began the quest for the Orb.
     0 | D:1      | Reached XP level 1. HP: 18/18 MP: 1/1
    84 | D:1      | Reached XP level 2. HP: 24/24 MP: 2/2
   171 | D:1      | Reached XP level 3. HP: 30/30 MP: 3/3
   215 | D:1      | Reached skill level 3 in Polearms
   699 | D:2      | Found a faded altar of an unknown god.
   723 | D:2      | Reached XP level 4. HP: 22/37 MP: 4/4
  1114 | D:2      | Reached skill level 4 in Polearms
  1376 | D:3      | Reached XP level 5. HP: 42/42 MP: 5/5
  1795 | D:3      | Reached skill level 5 in Polearms
  1795 | D:3      | Reached XP level 6. HP: 43/50 MP: 6/6
  2208 | D:4      | Reached skill level 5 in Fighting
  2239 | D:4      | Noticed Menkaure
  2269 | D:4      | Killed Menkaure
  2270 | D:4      | Reached XP level 7. HP: 8/56 MP: 7/7
  2367 | D:4      | Found a sand-covered staircase.
  2450 | Ossuary  | Entered an ossuary
  2472 | Ossuary  | Reached skill level 6 in Polearms
  2856 | Ossuary  | Reached skill level 7 in Polearms
  2856 | Ossuary  | Reached XP level 8. HP: 51/64 MP: 8/8
  3565 | D:5      | Entered Level 5 of the Dungeon
  3588 | D:5      | Reached skill level 8 in Polearms
  4051 | D:5      | Found a basalt altar of Yredelemnul.
  4073 | D:5      | Became a worshipper of Yredelemnul the Fallen
  4194 | D:5      | Reached XP level 9. HP: 69/72 MP: 9/9
  4359 | D:5      | Reached skill level 9 in Polearms
  4964 | D:6      | Noticed Pikel
  5014 | D:6      | Killed Pikel
  5014 | D:6      | Reached * piety under Yredelemnul
  5015 | D:6      | Reached skill level 10 in Polearms
  5167 | D:6      | Found a staircase to the Ecumenical Temple.
  5376 | D:6      | Found a sacrificial altar of Ru.
  5376 | D:6      | Found a glowing silver altar of Zin.
  5376 | D:6      | Found a shimmering altar of Xom.
  5376 | D:6      | Found a shadowy altar of Dithmenos.
  5376 | D:6      | Found a hazy altar of Hepliaklqana.
  5376 | D:6      | Found an iron altar of Okawaru.
  5407 | D:6      | Your ally Pikel died
  5415 | D:6      | Demolished by a large slime creature

Illustrated notes

Levels and vault maps discovered:
D:1:      wander_arrival_abandoned_jail, layout_loops_cross
D:2:      layout_loops_ring, hellmonk_ecumenical_altar_run_dry,
          minmay_heptomino_w4
D:3:      layout_loops_ring
D:4:      layout_rooms, enter_ossuary_3, uniq_menkaure
D:5:      layout_cave_pods, nicolae_yredelemnul_corpse_copse
D:6:      cheibrodos_fertilizer, layout_cave_pools,
          lemuel_coloured_pillars_altar, minmay_temple_entry_glassed_door,
          uniq_pikel

Skill      XL: |  1  2  3  4  5  6  7  8  9 |
---------------+----------------------------+-----
Polearms       | 3 4 5 7 8 10 | 10.5
Fighting       | 4 5 6 7 8 |  8.7
Armour         | |  3.2
Shields        | |  4.0

Action                     |  1- 3 |  4- 6 |  7- 9 || total
---------------------------+-------+-------+-------++-------
  Melee: Trident           |    77 |   193 |   467 ||   737
         Unarmed           |       |    17 |       ||    17
 Invoke: Light the Black T |       |       |     2 ||     2
Ability: Dig               |       |     1 |     2 ||     3
    Use: Scroll            |       |       |    11 ||    11
         Potion            |       |       |     1 ||     1
   Stab: Distracted        |       |       |     1 ||     1
 Armour: Scale mail        |    40 |    51 |       ||    91
         Chain mail        |       |    30 |   104 ||   134
         Skin              |       |     4 |       ||     4
         Plate armour      |       |       |   194 ||   194
  Dodge: Dodged            |    26 |    64 |   114 ||   204
  Block: Buckler           |    18 |    30 |    83 ||   131

Table legend: (Time is in decaauts)
 A = Elapsed time spent in this place.
 B = Non-inter-level travel time spent in this place.
 C = Inter-level travel time spent in this place.
 D = Time resting spent in this place.
 E = Time spent auto-exploring this place.
 F = Levels seen in this place.
 G = Mean time per level.
                   A        B        C        D        E       F      G
               +--------+--------+--------+--------+--------+-----+--------+
         Total |   5403 |   5291 |    112 |    395 |   3496 |   7 |  771.9 |
       Dungeon |   4706 |   4594 |    112 |    237 |   3267 |   6 |  784.3 |
       Ossuary |    696 |    696 |      0 |    158 |    229 |   1 |  696.0 |
               +--------+--------+--------+--------+--------+-----+--------+

Top non-repeatable levels by time:
     D:5: 1369 daAuts
     D:3: 834 daAuts
     D:1: 707 daAuts
 Ossuary: 696 daAuts
     D:2: 686 daAuts
     D:4: 669 daAuts
     D:6: 440 daAuts
